Map: King's Cove LE

Players

Serral - Winner!

  • Race: Zerg Zerg
  • League: Grandmaster
  • Spawn Location: 5:00

OGZest (Zest)

  • Race: Protoss Protoss
  • Spawn Location: 11:00

Event: 2019 Assembly Summer

VOD

Have the link to the VOD?

Description

Time

  • Played on: Aug. 2, 2019, 11:47 a.m.
  • Length: 12:55

All games in this series

Show
View Real Time Build Order
Export as new Build Order

Serral Zerg - Winner!

Build Orders: Hatch First 

Get SALT Encoding   

  12  0:00  Drone  
  13  0:12  Overlord  
  13  0:18  Drone  
  14  0:31  Drone x2  
  16  0:49  Hatchery  
  15  0:52  Drone  
  15  0:56  Drone  
  17  0:59  Drone  
  18  1:10  Extractor  
  17  1:15  Spawning Pool  
  16  1:18  Drone  
  16  1:22  Drone  
  18  1:28  Drone  
  19  1:39  Drone  
  20  1:49  Drone  
  21  2:00  Overlord  
  21  2:02  Queen x2, Zergling x2  
  26  2:10  Metabolic Boost  
  26  2:12  Drone  
  26  2:15  Drone  
  28  2:23  Drone x2  
  30  2:38  Hatchery  
  30  2:41  Overlord  
  29  2:46  Drone x2  
  31  2:55  Zergling x2  
  31  2:56  Zergling x4  
  34  3:01  Baneling Nest  
  34  3:05  Zergling x2  
  34  3:06  Zergling x2  
  34  3:11  Zergling x2  
  34  3:12  Zergling x4  
  38  3:15  Zergling x4  
  40  3:20  Overlord  
  40  3:24  Zergling x2  
  40  3:25  Zergling x2  
  42  3:31  Zergling x4  
  44  3:40  Zergling x4  
  46  3:44  Baneling x4  
  46  3:45  Baneling  
  46  3:49  Zergling x6  
  46  3:55  Overlord  
  49  3:59  Zergling x6  
  47  4:16  Drone x4  
  49  4:18  Drone  
  49  4:23  Drone x3  
  51  4:27  Spore Crawler  
  51  4:30  Drone  
  51  4:31  Drone x2  
  50  4:36  Spore Crawler  
  47  4:43  Queen  
  47  4:45  Spore Crawler  
  46  4:48  Drone x2  
  46  4:49  Drone  
  46  4:50  Drone  
  48  4:56  Queen  
  50  5:01  Queen  
  52  5:09  Drone, Roach Warren  
  52  5:11  Drone  
  52  5:13  Drone  
  54  5:15  Drone  
  54  5:16  Drone  
  54  5:20  Drone x2  
  58  5:26  Zergling x8  
  61  5:31  Overlord  
  61  5:33  Lair  
  61  5:35  Extractor  
  60  5:42  Zergling x6  
  63  5:43  Zergling x2  
  63  5:47  Spore Crawler  
  63  5:49  Overlord  
  63  5:51  Drone x3  
  63  5:52  Drone  
  65  6:05  Drone  
  65  6:08  Drone x7  
  73  6:14  Extractor  
  73  6:16  Overlord  
  73  6:18  Roach x4  
  80  6:27  Roach  
  80  6:29  Overlord  
  80  6:30  Glial Reconstitution, Spine Crawler  
  81  6:37  Roach x2  
  81  6:38  Roach  
  85  6:49  Drone x5  
  85  6:53  Evolution Chamber  
  88  6:54  Drone  
  88  7:00  Centrifical Hooks  
  88  7:09  Roach x2  
  88  7:10  Drone x2  
  88  7:13  Extractor  
  93  7:20  Zerg Melee Weapons Level 1  
  93  7:21  Hatchery, Overseer, Drone x4  
  96  7:25  Extractor  
  96  7:28  Extractor  
  93  7:34  Overlord x3  
  93  7:36  Roach x2  
  98  7:40  Overseer  
  98  7:45  Extractor  
  98  7:47  Queen  
  97  7:51  Queen  
  97  7:55  Drone x4  
  97  7:56  Overseer  
  97  7:57  Overseer, Drone  
  97  7:58  Drone x5  
  109  8:01  Roach x5  
  118  8:07  Roach  
  118  8:12  Ravager x3  
  119  8:14  Roach  
  119  8:15  Overlord x2  
  119  8:16  Overlord x2  
  121  8:26  Overlord x2  
  124  8:34  Roach x7  
  124  8:35  Ravager  
  124  8:36  Hatchery, Ravager x2  
  124  8:40  Roach x3  
  142  8:45  Roach x3  
  143  9:05  Zergling x20  
  143  9:07  Ravager  
  143  9:08  Ravager x2  
  156  9:17  Zergling x10  
  154  9:31  Roach x8  
  154  9:34  Overseer  
  167  9:40  Overlord  
  144  9:49  Roach x7  
  156  9:57  Zergling x10  
  156  9:58  Zergling x4  
  145  10:08  Zergling x8  
  145  10:13  Zergling x10  
  138  10:17  Roach  
  138  10:20  Roach x5  
  126  10:36  Roach x7  
  131  10:48  Roach x4, Zergling x4  
  119  10:53  Roach x2  
  106  11:09  Zergling x22  
  113  11:15  Zergling x8  
  117  11:19  Ravager x3  
  117  11:20  Ravager x2  
  122  11:26  Baneling x2  
  122  11:27  Zergling x10  
  127  11:35  Baneling x4  
  127  11:40  Baneling x15  
  127  11:43  Ravager x3  
  130  11:48  Zergling x10  
  130  11:52  Baneling x3  
  116  12:08  Zergling x22  
  116  12:09  Zergling x6  
  115  12:19  Zergling x12  
  111  12:26  Zergling x4  
  110  12:33  Zergling x2  
  110  12:34  Zergling x8  
Show
View Real Time Build Order
Export as new Build Order

OGZest Protoss 

Build Orders: 1 Gate Expand, Archon Immortal, Archon Drop, Dark Templar Rush 

Get SALT Encoding   

  12  0:00  Probe  
  13  0:12  Probe  
  14  0:19  Pylon  
  14  0:24  Probe  
  15  0:29  Assimilator  
  15  0:33  Probe  
  15  0:41  Probe  
  16  0:47  Gateway  
  17  0:51  Probe  
  18  1:03  Probe  
  19  1:15  Probe  
  20  1:24  Nexus  
  20  1:35  Cybernetics Core  
  20  1:38  Probe  
  21  1:43  Assimilator  
  21  1:50  Probe  
  21  1:52  Pylon  
  22  2:01  Adept  
  22  2:02  Probe  
  23  2:11  Warp Gate  
  23  2:14  Probe  
  26  2:19  Twilight Council  
  26  2:26  Probe  
  27  2:36  Probe  
  29  2:38  Probe  
  29  2:39  Robotics Facility  
  29  2:44  Probe  
  29  2:46  Probe  
  31  2:52  Probe  
  31  2:55  Probe  
  32  3:00  Dark Shrine  
  32  3:04  Probe  
  34  3:09  Stalker  
  36  3:19  Warp Prism, Gateway  
  36  3:23  Gateway  
  38  3:34  Probe  
  38  3:35  Probe  
  40  3:41  Pylon  
  40  3:46  Probe  
  40  3:47  Probe, Assimilator  
  42  3:48  Observer  
  42  3:50  Assimilator  
  43  3:59  Adept  
  43  4:01  Pylon  
  45  4:13  Sentry  
  45  4:14  Shield Battery  
  43  4:19  Sentry  
  43  4:31  Sentry  
  43  4:32  Pylon  
  45  4:39  Pylon  
  45  4:43  Pylon  
  45  4:45  Sentry  
  45  4:46  Probe x2  
  45  4:49  Gateway  
  45  4:50  Gateway  
  49  4:54  Probe  
  49  4:55  Cybernetics Core  
  49  4:58  Probe  
  51  5:02  Probe  
  52  5:11  Probe  
  52  5:12  Assimilator  
  52  5:13  Probe  
  53  5:15  Pylon  
  54  5:23  Probe  
  54  5:26  Probe  
  54  5:27  Pylon  
  56  5:35  Probe  
  57  5:41  Probe  
  58  5:46  Dark Templar x2  
  58  5:47  Dark Templar, Probe  
  58  5:48  Dark Templar  
  67  5:52  Observer  
  67  6:01  Probe x2  
  67  6:04  Nexus  
  69  6:05  Pylon  
  69  6:12  Archon  
  67  6:20  Archon  
  67  6:23  Shield Battery  
  67  6:25  Pylon  
  67  6:27  Adept x2  
  67  6:29  Zealot x2  
  75  6:38  Gateway  
  75  6:40  Pylon  
  75  6:47  Immortal, Charge  
  75  6:50  Probe  
  75  6:51  Probe  
  77  6:56  Sentry x4  
  77  6:59  Pylon  
  85  7:09  Probe x2  
  87  7:19  Gateway, Immortal  
  87  7:20  Gateway  
  87  7:21  Probe x2  
  87  7:22  Gateway x2  
  93  7:44  Forge  
  93  7:50  Observer  
  93  7:51  Immortal  
  93  7:52  Zealot x5  
  93  7:55  Pylon  
  106  8:15  Protoss Ground Weapons Level 1  
  106  8:20  Dark Templar x6  
  106  8:21  Zealot x2  
  106  8:24  Archon  
  106  8:25  Archon  
  122  8:34  Assimilator x2  
  122  8:38  Immortal  
  122  8:39  Colossus  
  122  8:45  Probe x2  
  128  8:49  Photon Cannon  
  128  8:51  Photon Cannon  
  128  9:02  Blink, Stalker  
  126  9:03  Stalker  
  130  9:10  Pylon  
  126  9:18  Zealot x3  
  126  9:19  Zealot x2  
  126  9:22  Zealot  
  138  9:25  Dark Templar  
  140  9:33  Observer  
  111  9:47  Immortal  
  111  9:57  Zealot x3  
  111  9:58  Zealot x5  
  119  10:13  Dark Templar  
  105  10:26  Zealot x8  
  119  10:33  Immortal  
  105  10:52  Zealot x7  
  85  11:10  Dark Templar x2  
  75  11:16  Sentry x3  
  75  11:17  Sentry x2, Templar Archives  
  83  11:23  Immortal  
  83  11:26  Stalker x2  
  91  11:42  Zealot x4  
  99  11:57  High Templar x3  
  101  12:01  High Templar  
  101  12:02  Archon  
  101  12:05  Archon  
  101  12:06  Sentry x5  
  75  12:29  Zealot x2  
  69  12:30  Zealot x6  
  47  12:47  Sentry x3  
Tags
 
Add a new tag
Caveats
  • Supply blocks, unpowered buildings, or Contaminate may cause inaccurate times.
  • Supply counts are checked every 10 seconds.